[Event "*** Titled Tuesday Blitz"]
[Site "Chess.com"]
[Date "2021.04.06"]
[Round "7"]
[White "Sanyura"]
[Black "banane_verte"]
[Result "1-0"]
[WhiteElo "2600"]
[BlackElo "2436"]
[TimeControl "180+1"]
[EndTime "11:18:12 PDT"]
[Termination "Sanyura won by checkmate"]

1. e4 d5 2. exd5 Qxd5 3. Nf3 Bg4 4. Be2 Nc6 5. Nc3 Qa5 6. h3 Bxf3 7. Bxf3 e6 8. O-O Bd6 9. d4 Nge7 10. Ne4 O-O 11. c3 Rad8 12. Qb3 Qb6 13. Bg5 Qxb3 14. axb3 a6 15. b4 h6 16. Bxe7 Bxe7 17. Nc5 Bxc5 18. bxc5 Ra8 19. Bxc6 bxc6 20. Ra5 Rfb8 21. b4 Rb7 22. Rfa1 Rba7 23. R1a4 Kf8 24. c4 Rd8 25. b5 Rxd4 26. b6 cxb6 27. cxb6 Rb7 28. c5 Rd5 29. Rc4 Ke7 30. Rxa6 Kd7 31. Ra8 g6 32. g4 h5 33. f3 hxg4 34. hxg4 Rd2 35. Rca4 Rc2 36. R4a7 Rxa7 37. bxa7 Kc7 38. Rf8 Ra2 39. a8=Q Rxa8 40. Rxa8 Kd7 41. Ra7+ Ke8 42. Rc7 f5 43. Rxc6 Kd7 44.
Rd6+ Ke7 45. g5 e5 46. Rxg6 e4 47. fxe4 fxe4 48. Kf1 e3 49. Ke2 Kf7 50. Rf6+ Ke7 51. c6 Kd8 52. Kxe3 Kc7 53. Kd4 Kb6 54. Kd5 Kc7 55. g6 Kb6 56. g7 Kc7 57. g8=Q Kb6 58. Qc8 Ka7 59. Qb7# 1-0

[Event "*** Titled Tuesday Blitz"]
[Site "Chess.com"]
[Date "2021.04.06"]
[Round "7"]
[White "kuba2006"]
[Black "mr65"]
[Result "1-0"]
[WhiteElo "2337"]
[BlackElo "2152"]
[TimeControl "180+1"]
[EndTime "11:18:12 PDT"]
[Termination "kuba2006 won by resignation"]

1. b3 a5 2. Bb2 a4 3. e3 axb3 4. axb3 Rxa1 5. Bxa1 Nf6 6. Nf3 g6 7. Be2 d6 8. O-O Bg7 9. d4 O-O 10. c4 Nc6 11. d5 Nb8 12. Bd4 b6 13. b4 Bg4 14. Nc3 Nbd7 15. Qa1 e5 16. dxe6 Bxe6 17. Nd5 c6 18. Nxf6+ Nxf6 19. Rd1 c5 20. bxc5 bxc5 21.
Be5 Ne8 22. Bxg7 Nxg7 23. Qa6 Nf5 24. e4 Nh4 25. e5 Qa8 26. Qxa8 Rxa8 27. Nxh4 dxe5 28.
Bf3 Ra4 29. Bd5 Bxd5 30. cxd5 Rd4 31. Rxd4 cxd4 32. f4 d3 33. Kf2 e4 34. Ke3 f5 35. h3 Kf7 36. g4 g5 37. Nxf5 gxf4+ 38. Kxf4 d2 39. Ne3 Ke7 40. Kxe4 1-0

[Event "*** Titled Tuesday Blitz"]
[Site "Chess.com"]
[Date "2021.04.06"]
[Round "7"]
[White "marianokar"]
[Black "MirMan90"]
[Result "1-0"]
[WhiteElo "2539"]
[BlackElo "2673"]
[TimeControl "180+1"]
[EndTime "11:18:13 PDT"]
[Termination "marianokar won by resignation"]

1. e4 c5 2. Nf3 e6 3. d4 cxd4 4. Nxd4 a6 5. c4 Nf6 6. Nc3 Bb4 7. Bd3 Qc7 8. O-O Nc6 9. Nxc6 dxc6 10. f4 h5 11. e5 Ng4 12. Qf3 Bxc3 13. bxc3 c5 14. h3 Nh6 15. Be4 Nf5 16. Be3 Rb8 17. Bf2 b6 18. g4 hxg4 19. hxg4 Ne7 20. Rad1 Bb7 21. Rd6 Nc8 22. Rd2 Bxe4 23. Qxe4 Qb7 24. Rfd1 O-O 25. Qxb7 Rxb7 26. Rd7 Rb8 27. a4 a5 28. Kg2 Re8 29. Rc7 Ne7 30. Rdd7 Kf8 31. Bh4 Ng6 32. Rxf7+ 1-0

[Event "*** Titled Tuesday Blitz"]
[Site "Chess.com"]
[Date "2021.04.06"]
[Round "7"]
[White "fearless_guy"]
[Black "scandalgod"]
[Result "1/2-1/2"]
[WhiteElo "2788"]
[BlackElo "2573"]
[TimeControl "180+1"]
[EndTime "11:18:14 PDT"]
[Termination "Game drawn by agreement"]

1. e4 e5 2. Nf3 Nc6 3. d4 exd4 4. Nxd4 Bc5 5. Be3 Qf6 6. c3 Nge7 7. Bb5 O-O 8. O-O Bb6 9. a4 d5 10. Bxc6 bxc6 11.
a5 Bxd4 12. Bxd4 Qg6 13. Nd2 dxe4 14. Nxe4 Nf5 15. Bc5 Re8 16. Re1 Be6 17. a6 Bd5 18.
Ng3 Rxe1+ 19. Qxe1 Nh4 20. f3 Bxf3 21. Qf2 Bd5 22.
Bxa7 f6 23. Bc5 Nxg2 24. Qf5 Qh6 25. Qh5 Qd2 26. Qe2 Qh6 27. Qh5 Qd2 28. Qe2 Qh6 1/2-1/2

[Event "*** Titled Tuesday Blitz"]
[Site "Chess.com"]
[Date "2021.04.06"]
[Round "7"]
[White "TST2014"]
[Black "Hard_Utilizator"]
[Result "0-1"]
[WhiteElo "2660"]
[BlackElo "2542"]
[TimeControl "180+1"]
[EndTime "11:18:14 PDT"]
[Termination "Hard_Utilizator won on time"]

1. d4 d5 2. c4 e6 3. Nf3 Nf6 4. Nc3 c6 5. e3 Bd6 6. Qc2 Nbd7 7. Be2 O-O 8. O-O dxc4 9. a4 e5 10. a5 Qe7 11. h3 exd4 12. exd4 Nd5 13. Bxc4 Nb4 14.
Qb3 h6 15. Re1 Qf6 16. Ne4 Qg6 17. Nh4 Qh5 18. Nxd6 Qxh4 19. Bxf7+ Kh8 20. Qxb4 Nf6 21. Bg6 Bxh3 22. gxh3 Ng4 23. Be3 Rxf2 24. Nf7+ Kg8 25. Nxh6+ gxh6 26. Qb3+ Kh8 27. Bf4 Rxf4 28. Re2 Rg8 29.
hxg4 Rxg4+ 30. Kf1 Rf8+ 31. Bf7 Rf4+ 32. Kg1 R8xf7 33.
Rh2 Rg7+ 34. Rg2 Rxg2+ 35. Kxg2 Qg5+ 36. Kh2 Rh4+ 37. Qh3 Qf4+ 38. Kg2 Rxh3 39. Kxh3 Qf3+ 40. Kh4 Qf4+ 41. Kh3 Qxd4 42. Rf1 Qxb2 43. Rf7 Qb3+ 44.
Kg4 Qxf7 45. a6 bxa6 0-1

[Event "*** Titled Tuesday Blitz"]
[Site "Chess.com"]
[Date "2021.04.06"]
[Round "7"]
[White "Nicolas_Chess10"]
[Black "BahadirOzen"]
[Result "0-1"]
[WhiteElo "2445"]
[BlackElo "2722"]
[TimeControl "180+1"]
[EndTime "11:18:14 PDT"]
[Termination "BahadirOzen won by checkmate"]

1. d4 d6 2. c4 g6 3. e4 Bg7 4. Nc3 c6 5. Be3 Nf6 6. f3 O-O 7. Bd3 a5 8. Nge2 Na6 9. a3 Rb8 10.
O-O Nc7 11. Qa4 b6 12. b4 axb4 13. axb4 Bd7 14. b5 cxb5 15. cxb5 Qc8 16. Qb4 Qb7 17. d5 e6 18. Qxd6 Rfd8 19. Qb4 exd5 20. e5 Bf8 21.
Qh4 Nh5 22. Nd4 Bc5 23. g4 Nf4 24. Rfd1 Nce6 25. Bf1 Nxd4 26. Bxd4 Bxd4+ 27. Rxd4 Qc7 28. Rxf4 Qxc3 29. Re1 Be6 30. g5 d4 31. Rd1 Qe3+ 32. Kh1 Qxe5 33. Rfxd4 Rxd4 34. Rxd4 Ra8 35. Qf4 Qe1 36.
Kg2 Ra2+ 37. Kg1 Qf2+ 38. Kh1 Qxf1# 0-1

[Event "*** Titled Tuesday Blitz"]
[Site "Chess.com"]
[Date "2021.04.06"]
[Round "7"]
[White "Niktlt"]
[Black "crazy_but_lazy"]
[Result "1-0"]
[WhiteElo "2575"]
[BlackElo "2423"]
[TimeControl "180+1"]
[EndTime "11:18:14 PDT"]
[Termination "Niktlt won by resignation"]

1. e4 c5 2. Nf3 Nc6 3. d4 cxd4 4. Nxd4 Qb6 5. Nb3 Nf6 6. Nc3 e6 7. Be3 Qc7 8. Be2 a6 9. Qd2 d6 10. f4 Be7 11. a3 O-O 12. Bf3 b5 13. g4 Bb7 14. g5 Nd7 15. h4 Nc5 16. h5 Rad8 17. g6 f5 18. gxh7+ Kh8 19. exf5 Rxf5 20. h6 Bf8 21.
hxg7+ Bxg7 22. Rg1 Nxb3 23. cxb3 Na5 24. Bd1 e5 25.
Rc1 exf4 26. Bd4 Qe7+ 27. Kf1 Be5 28. Bc2 Rf6 29. Re1 Nc6 30. Nd5 Qf7 31. Bxe5 dxe5 32. Nxf6 Qxf6 33. Qxd8+ Qxd8 34. Rg8+ Qxg8 35. hxg8=Q+ Kxg8 36. Be4 Kf7 37. Bxc6 Bxc6 38. Rxe5 Kf6 39. Rc5 Be4 40.
Kf2 Ke6 41. Rc7 Bd5 42. b4 Ke5 43. Ra7 Kd4 44. Rxa6 Kc4 45. Rd6 Be4 46. Rd2 Kb3 47. Rd4 Bc2 48. Rxf4 Kxb2 49. Ke3 Kxa3 50. Kd2 Bb3 51.
Kc3 Bc4 52. Rxc4 1-0

[Event "*** Titled Tuesday Blitz"]
[Site "Chess.com"]
[Date "2021.04.06"]
[Round "7"]
[White "Lion-Al-Messi"]
[Black "Xeniya2005"]
[Result "1-0"]
[WhiteElo "2500"]
[BlackElo "2323"]
[TimeControl "180+1"]
[EndTime "11:18:14 PDT"]
[Termination "Lion-Al-Messi won by resignation"]

1. e4 e6 2. Nc3 d5 3. Nf3 Nf6 4. exd5 exd5 5. d4 Be7 6. Bd3 O-O 7. Be3 Nc6 8. Qd2 Bb4 9. a3 Bxc3 10. Qxc3 Ne4 11. Qb3 Rb8 12. O-O Be6 13. Rfe1 b6 14. Rad1 Na5 15. Qa2 Qf6 16. Ne5 c5 17. c3 Rbc8 18.
Qb1 Bf5 19. f3 Nd6 20. Bxf5 Qxf5 21. Qxf5 Nxf5 22. dxc5 bxc5 23. Rxd5 Nxe3 24. Rxe3 f6 25. Nd7 Rfd8 26. Re7 Nc4 27. b3 Nxa3 28. Rxc5 Rxc5 29. Nxc5 Rc8 30. Ne6 Rxc3 31. Rxg7+ Kh8 32. Rxa7 1-0

[Event "*** Titled Tuesday Blitz"]
[Site "Chess.com"]
[Date "2021.04.06"]
[Round "7"]
[White "BeyondMadness"]
[Black "Mihnea2017"]
[Result "0-1"]
[WhiteElo "2270"]
[BlackElo "2450"]
[TimeControl "180+1"]
[EndTime "11:18:14 PDT"]
[Termination "Mihnea2017 won on time"]

1. d4 Nf6 2. c4 e6 3. Nc3 Bb4 4.
f3 c5 5. d5 O-O 6. e4 b5 7. Nh3 bxc4 8. Bxc4 exd5 9. Bxd5 Nxd5 10. Qxd5 Nc6 11. O-O Ba6 12. Rd1 Nd4 13. Nf4 Qh4 14. a3 Bxc3 15. bxc3 Be2 16. cxd4 Bxd1 17. Bd2 Ba4 18. Qxc5 Rac8 19. Qa5 Rc2 20. Nd5 f5 21. g3 Qd8 22. Qxa4 Rxd2 23. Qc4 Kh8 24. e5 f4 25. Qc3 Re2 26. Nxf4 Rxf4 27. gxf4 h6 28. Qd3 Rb2 29. Rb1 Qb6 30. Rxb2 Qxb2 31. d5 Qc1+ 32. Kg2 Qxf4 33.
Qe4 Qd2+ 34. Kg3 Qg5+ 0-1

[Event "*** Titled Tuesday Blitz"]
[Site "Chess.com"]
[Date "2021.04.06"]
[Round "7"]
[White "NaciSAN"]
[Black "woodhy"]
[Result "0-1"]
[WhiteElo "2260"]
[BlackElo "2422"]
[TimeControl "180+1"]
[EndTime "11:18:14 PDT"]
[Termination "woodhy won on time"]

1. e4 e6 2. d4 d5 3. e5 c5 4. c3 Nc6 5. Nf3 Bd7 6. Na3 Nge7 7. Nc2 cxd4 8. cxd4 Nf5 9. Bd3 Qb6 10. O-O Nfxd4 11. Nfxd4 Nxd4 12. Be3 Bc5 13. b4 Bxb4 14. Bxd4 Bc5 15.
Rb1 Qc7 16. Bxc5 Qxc5 17. Rxb7 Bc6 18. Rb1 O-O 19. Nd4 Bd7 20. Rc1 Qa3 21. Qb3 Qa5 22. Qc3 Qd8 23. Qc7 Qe8 24. Ba6 Rb8 25. Rb1 Ra8 26. Rb7 Bc8 27. Rfb1 Bxb7 28. Rxb7 Rc8 29. Qa5 Rc1+ 30. Bf1 Qc8 31. Rb4 Qc3 32. Ne2 Rxf1+ 33.
Kxf1 Qa1+ 34. Rb1 Qxb1+ 35. Qe1 Qxa2 36. g4 Qc4 37. f4 d4 38. Qd2 d3 39. Ng3 Rc8 40. Kf2 Qd4+ 41. Kf3 Rc2 42. Qe1 d2 0-1

[Event "*** Titled Tuesday Blitz"]
[Site "Chess.com"]
[Date "2021.04.06"]
[Round "7"]
[White "davidkalashian"]
[Black "NFork"]
[Result "1-0"]
[WhiteElo "2555"]
[BlackElo "2165"]
[TimeControl "180+1"]
[EndTime "11:18:15 PDT"]
[Termination "davidkalashian won on time"]

1. e4 c6 2. d4 d5 3. Nc3 dxe4 4. Nxe4 Nf6 5. Nxf6+ gxf6 6. c3 Bf5 7. Ne2 h5 8.
Ng3 Bg6 9. h4 Nd7 10. Be2 Qb6 11.
Nxh5 e5 12. Ng3 O-O-O 13. Qb3 exd4 14. Qxb6 Nxb6 15. h5 Bh7 16. Bf4 dxc3 17. Bg4+ Nd7 18. bxc3 Bd3 19. Rd1 Bc4 20. Ne4 Be6 21. Bxe6 fxe6 22.
Ke2 e5 23. Be3 Kc7 24. g4 b6 25. f3 Ba3 26. Rd3 Be7 27. Rhd1 Nb8 28. Rxd8 Rxd8 29. Rxd8 Kxd8 30. h6 Bf8 31. Nxf6 Ke7 32. Nh5 Kf7 33.
f4 exf4 34. h7 Nd7 35. h8=Q 1-0

[Event "*** Titled Tuesday Blitz"]
[Site "Chess.com"]
[Date "2021.04.06"]
[Round "7"]
[White "Kapibara_Warri0r"]
[Black "Sjakkerntobi"]
[Result "0-1"]
[WhiteElo "2243"]
[BlackElo "2383"]
[TimeControl "180+1"]
[EndTime "11:18:16 PDT"]
[Termination "Sjakkerntobi won on time"]

1. d4 e6 2. Bf4 Nf6 3. c3 c5 4.
e3 d5 5. h3 Nc6 6. Bh2 Bd6 7.
Bd3 O-O 8. Nf3 Bxh2 9. Nxh2 e5 10. dxe5 Nxe5 11. Bc2 Qe7 12. Na3 a6 13. Ng4 Rd8 14.
Qe2 Nexg4 15. hxg4 Bxg4 16. Bxh7+ Nxh7 17. Qxg4 Nf6 18. Qh4 Kf8 19. O-O-O b5 20. g4 b4 21. Nb1 d4 22. exd4 bxc3 23. Nxc3 cxd4 24. g5 Ng8 25. Rxd4 Rxd4 26. Qxd4 Qxg5+ 27. Kb1 Rd8 28. Qb4+ Qe7 29. Qf4 a5 30. Ne4 Rd4 31. Qb8+ Rd8 32. Qf4 Qe6 33. Ng5 Qg6+ 34. Ka1 Nh6 35. Re1 Qc6 36. Ne6+ Qxe6 0-1

[Event "*** Titled Tuesday Blitz"]
[Site "Chess.com"]
[Date "2021.04.06"]
[Round "7"]
[White "jraosam"]
[Black "secretsuperstar7"]
[Result "0-1"]
[WhiteElo "1868"]
[BlackElo "2191"]
[TimeControl "180+1"]
[EndTime "11:18:16 PDT"]
[Termination "secretsuperstar7 won by resignation"]

1. c4 e6 2. d4 Nf6 3. Nf3 d5 4. e3 Nbd7 5. Nbd2 a6 6. b3 b6 7. Bd3 Bb7 8. O-O Bd6 9. Bb2 O-O 10. Ne5 Ne4 11. f3 Nxd2 12. Qxd2 f6 13. Ng4 c5 14. Qf2 e5 15. Qh4 e4 16. fxe4 dxe4 17. Bc2 f5 18. Qxd8 Raxd8 19. Ne5 cxd4 20. exd4 Nxe5 21.
dxe5 Bc5+ 22. Kh1 Rd2 23. Rac1 e3 24. Rg1 e2 25. Rge1 Bf2 26. Bc3 Bxe1 27. Rxe1 Rxc2 28. Bb4 Re8 29. Kg1 Rxe5 30. Kf2 a5 31. Bd6 Re6 32. Bf4 h6 33. Be3 g5 34. a3 f4 35. Bd4 Rd6 36. Be5 Rd1 37. b4 Rxe1 38.
Kxe1 axb4 39. axb4 Rxc4 40. Kxe2 Re4+ 0-1

[Event "*** Titled Tuesday Blitz"]
[Site "Chess.com"]
[Date "2021.04.06"]
[Round "7"]
[White "crescentmoon2411"]
[Black "stanyga"]
[Result "0-1"]
[WhiteElo "2849"]
[BlackElo "2671"]
[TimeControl "180+1"]
[EndTime "11:18:17 PDT"]
[Termination "stanyga won on time"]

1. e4 c5 2. Nf3 d6 3. d4 cxd4 4. Nxd4 Nf6 5. Nc3 a6 6. Bg5 Nbd7 7. Qe2 e6 8. O-O-O Qc7 9. f4 Be7 10. g4 b5 11. Bg2 Bb7 12. Bxf6 Nxf6 13. g5 Nd7 14. a3 Rc8 15. Kb1 Nb6 16. Rd3 Nc4 17.
h4 Qb6 18. Na2 O-O 19. h5 Rfe8 20. g6 Bf6 21. c3 fxg6 22. hxg6 h6 23. Rhd1 e5 24. Nf5 exf4 25. Nxd6 Nxd6 26. Rxd6 Qe3 27. Qxe3 fxe3 28. Nb4 Bh4 29. Bf1 Bxe4+ 30. Ka2 Bf3 0-1

[Event "*** Titled Tuesday Blitz"]
[Site "Chess.com"]
[Date "2021.04.06"]
[Round "7"]
[White "nochewycandy"]
[Black "shnitez"]
[Result "0-1"]
[WhiteElo "2606"]
[BlackElo "2511"]
[TimeControl "180+1"]
[EndTime "11:18:17 PDT"]
[Termination "shnitez won by resignation"]

1. c4 c5 2. g3 Nf6 3. Bg2 e6 4. Nf3 Be7 5. O-O O-O 6. Nc3 d5 7. cxd5 Nxd5 8. Ne5 Bf6 9. Nc4 Nc6 10. Ne4 Be7 11.
d3 b6 12. a3 Bb7 13. Bd2 a5 14. Nc3 Nd4 15. e3 Nxc3 16. Bxc3 Bxg2 17. Kxg2 Nc6 18.
Qf3 Rc8 19. Rad1 b5 20. Ne5 Nxe5 21. Bxe5 Qd7 22. b3 Rfd8 23. h4 Ra8 24. Bb2 a4 25. d4 axb3 26. dxc5 Qc7 27. c6 Bxa3 28. Rxd8+ Qxd8 29. c7 Qc8 30. Bxa3 Rxa3 31. Rd1 Qxc7 32.
Qf4 Qb7+ 33. Kh2 Ra8 34. h5 h6 35. Qe5 b4 36. Rb1 Qd5 37. Qxd5 exd5 38. Rxb3 Rb8 39. Kg2 Kf8 40. Kf3 Ke7 41. Ke2 Kd6 42. Kd3 Kc5 43. g4 Ra8 44. Rb1 Ra3+ 45. Ke2 Ra2+ 46. Kf3 Kc4 47.
Rc1+ Kb5 48. Rc7 b3 49. Rxf7 Ra6 50. Ra7 Rxa7 0-1

[Event "*** Titled Tuesday Blitz"]
[Site "Chess.com"]
[Date "2021.04.06"]
[Round "7"]
[White "muchojogo"]
[Black "Volodar_Murzin"]
[Result "0-1"]
[WhiteElo "2449"]
[BlackElo "2740"]
[TimeControl "180+1"]
[EndTime "11:18:18 PDT"]
[Termination "Volodar_Murzin won by checkmate"]

1. d4 Nf6 2. Bf4 d5 3. e3 c5 4. c3 Nc6 5. Nd2 Bf5 6. Ngf3 e6 7.
Qb3 Qc8 8. Be2 c4 9. Qd1 b5 10. Nh4 Bg6 11. Nxg6 hxg6 12. O-O b4 13. f3 Nh5 14. Bg5 Bd6 15. g3 f6 16. Bh4 g5 17.
f4 Nxf4 18. gxf4 Rxh4 19. Nf3 Rg4+ 20. Kh1 gxf4 21. Rg1 Rxg1+ 22. Qxg1 Qd7 23. exf4 Bxf4 24. Qg4 Bh6 25. Re1 O-O-O 26. Bd1 e5 27. Qh5 e4 28.
Nh4 Kb8 29. Bg4 Qb7 30. Nf5 Bd2 31. Rg1 bxc3 32. bxc3 Bxc3 33. Bd1 Bxd4 34. Rxg7 Qb1 35. Qh4 Qxd1+ 36. Kg2 Qf3# 0-1

[Event "*** Titled Tuesday Blitz"]
[Site "Chess.com"]
[Date "2021.04.06"]
[Round "7"]
[White "kai_nov"]
[Black "Das_Virus_2020"]
[Result "1-0"]
[WhiteElo "2282"]
[BlackElo "2427"]
[TimeControl "180+1"]
[EndTime "11:18:18 PDT"]
[Termination "kai_nov won on time"]

1. d4 Nf6 2. c4 c5 3. d5 b5 4.
cxb5 a6 5. Nc3 axb5 6. e4 b4 7. Nb5 d6 8. Bc4 Ra6 9. Nf3 g6 10. e5 dxe5 11. Nxe5 Bg7 12. Qb3 O-O 13. d6 e6 14. Bg5 h6 15. Be3 Nd5 16. Bxd5 exd5 17. Qxd5 Be6 18. Qxc5 Nd7 19. Nxd7 Qxd7 20. O-O Bxb2 21.
Rab1 Rxa2 22. Rxb2 Rxb2 23. Bxh6 f6 24. Bxf8 Kxf8 25.
Nd4 Bf7 26. Qc7 Be8 27. Qc4 Rd2 28. Re1 b3 29. Ne6+ 1-0

[Event "*** Titled Tuesday Blitz"]
[Site "Chess.com"]
[Date "2021.04.06"]
[Round "7"]
[White "volkanyirik"]
[Black "DaroZin"]
[Result "0-1"]
[WhiteElo "2428"]
[BlackElo "2594"]
[TimeControl "180+1"]
[EndTime "11:18:19 PDT"]
[Termination "DaroZin won by resignation"]

1. e4 e6 2. Nc3 d5 3. d4 Bb4 4. exd5 exd5 5. Qf3 Nc6 6. Be3 Nge7 7. Bd3 Be6 8. Ne2 Qd7 9. h3 O-O-O 10. a3 Bd6 11. Nb5 Nf5 12. Bxf5 Bxf5 13. Nxd6+ cxd6 14. c3 Rde8 15. Ng3 Be4 16. Nxe4 dxe4 17. Qg3 f5 18. O-O h6 19. f3 g5 20. fxe4 Rxe4 21. Qf3 Rhe8 22. Bd2 f4 23. Rae1 d5 24. Qh5 Qe6 25.
Kf2 Qf6 26. Qg4+ Kc7 27. Kg1 Qg6 28. h4 Qf6 29. Rxe4 dxe4 30. Bxf4+ gxf4 31. Rxf4 Qe7 32. Qh5 e3 33. Qe2 Qe6 34. g3 Qg6 35. Kg2 Qb1 36. Rf7+ Kb8 37. Qb5 Qe4+ 38. Kh2 Nd8 39. Rf4 Qe7 40.
Qe2 Nf7 41. Rf3 Nd6 42. c4 Qe4 43. d5 Nxc4 44. Rf7 Qxd5 45. Qf1 e2 46. Qf4+ Nd6 0-1

[Event "*** Titled Tuesday Blitz"]
[Site "Chess.com"]
[Date "2021.04.06"]
[Round "7"]
[White "2008king"]
[Black "Klavdia_Nik"]
[Result "0-1"]
[WhiteElo "2196"]
[BlackElo "2043"]
[TimeControl "180+1"]
[EndTime "11:18:20 PDT"]
[Termination "Klavdia_Nik won by resignation"]

1. e4 c5 2. Nf3 Nc6 3. d4 cxd4 4. Nxd4 Nf6 5. Nc3 e5 6. Ndb5 d6 7. Bg5 a6 8. Na3 Be6 9. Nc4 Nd4 10. Ne3 Be7 11.
Bxf6 Bxf6 12. Ned5 Bg5 13. Bd3 O-O 14. h4 Bh6 15. g4 f6 16. Bc4 Rc8 17. Bb3 Kh8 18.
f4 Nxb3 19. axb3 exf4 20. Qf3 Bxd5 21. Nxd5 Rxc2 22. Rd1 Qa5+ 23. b4 Qa2 24. Qh3 Rxb2 25. g5 Qc4 26. Qf3 fxg5 27. hxg5 Bxg5 28. Rh5 h6 29.
Qd3 Qxd3 30. Rxd3 f3 31. Ne3 f2+ 32. Kf1 Bxe3 33. Rxe3 Rb1+ 0-1

[Event "*** Titled Tuesday Blitz"]
[Site "Chess.com"]
[Date "2021.04.06"]
[Round "7"]
[White "MITerryble"]
[Black "Sibelephant"]
[Result "0-1"]
[WhiteElo "2910"]
[BlackElo "3118"]
[TimeControl "180+1"]
[EndTime "11:18:21 PDT"]
[Termination "Sibelephant won on time"]

1. e4 c5 2. Nf3 d6 3. Bb5+ Bd7 4.
Bxd7+ Nxd7 5. O-O Ngf6 6. Qe2 Rc8 7. c3 c4 8. Na3 Qc7 9. b3 cxb3 10. axb3 a6 11.
b4 g6 12. Bb2 Bg7 13. c4 e5 14. d4 exd4 15. Bxd4 O-O 16. Rfe1 Rfe8 17. Qd3 Qc6 18.
Nd2 Ne5 19. Bxe5 Rxe5 20. Nc2 Bh6 21. Ne3 Rce8 22. f3 Qb6 23. c5 Qxb4 24. cxd6 R5e6 25. Ndc4 b5 26. Nb6 Rxd6 27. Nbd5 Bxe3+ 28. Rxe3 Nxd5 29. exd5 Qc5 30. Kf2 Rxe3 31. Qxe3 Qxd5 0-1

[Event "*** Titled Tuesday Blitz"]
[Site "Chess.com"]
[Date "2021.04.06"]
[Round "7"]
[White "hypert"]
[Black "azikom"]
[Result "0-1"]
[WhiteElo "2566"]
[BlackElo "2701"]
[TimeControl "180+1"]
[EndTime "11:18:21 PDT"]
[Termination "azikom won by checkmate"]

1. e4 e5 2. Nc3 Nc6 3. Nf3 Nf6 4. a3 d6 5. Bb5 Bd7 6. d3 a6 7. Bc4 Be7 8. h3 O-O 9. g4 Be6 10. Nd5 Bxd5 11. Bxd5 Nxd5 12. exd5 Nb8 13. Qe2 Nd7 14. Be3 c6 15. dxc6 bxc6 16. d4 e4 17.
Nd2 d5 18. f3 Bh4+ 19. Kf1 f5 20. Kg2 f4 21. Bg1 e3 22. Nb3 a5 23. Bh2 a4 24.
Nc1 Qb6 25. c3 Be7 26. Nd3 Bd6 27. h4 Rab8 28. Rac1 Qa6 29. Rc2 Qc4 30. Re1 h6 31. h5 Rf7 32. Kh1 Nf8 33. Rg1 Ne6 34. g5 hxg5 35. Rg4 Rf5 36. Kg2 Rbf8 37. Kf1 R8f6 38.
Kg2 Rh6 39. Kg1 Rxh5 40. Kg2 Rf6 41. Kg1 Rfh6 42. Rg2 Rh3 43. Rc1 g4 44. Rf1 g3 45.
Bxg3 Rh1# 0-1

[Event "*** Titled Tuesday Blitz"]
[Site "Chess.com"]
[Date "2021.04.06"]
[Round "7"]
[White "AwareIdea"]
[Black "Skatchkov_V"]
[Result "0-1"]
[WhiteElo "2462"]
[BlackElo "2618"]
[TimeControl "180+1"]
[EndTime "11:18:21 PDT"]
[Termination "Skatchkov_V won on time"]

1. d4 d5 2. c4 c6 3. Nf3 Nf6 4. e3 Bf5 5. Nc3 e6 6. Nh4 Bg4 7. Qb3 Qb6 8. h3 Bh5 9. g4 Bg6 10. Nxg6 hxg6 11. Bg2 Nbd7 12. c5 Qxb3 13. axb3 a6 14.
b4 Rd8 15. f4 Be7 16. O-O Nh7 17. Ne2 g5 18. f5 e5 19. Bd2 Nhf6 20. Ng3 e4 21.
Bc3 Rc8 22. Kf2 Bd8 23. Ne2 Bc7 24. Ke1 Ke7 25. Kd1 Rcf8 26. Be1 Kd8 27. Bg3 Ng8 28. Kd2 Ne7 29. Rf2 Nc8 30. Kc2 Na7 31. Raf1 Nb5 32. Ra1 Rh6 33. Raf1 f6 34. Bxc7+ Kxc7 35. Ng3 Rhh8 36.
Nh5 Rf7 37. Ra1 Ra8 38. Bf1 b6 39. Bxb5 cxb5 40. Ra3 Nb8 41. Rf1 Nc6 42. Kb3 bxc5 43. bxc5 a5 44. Rfa1 a4+ 45. Kc2 Na5 46. Kc3 Nc4 47. Kb4 Kc6 48. R1a2 Raa7 49. Rc3 a3 50. b3 Nb2 0-1

[Event "*** Titled Tuesday Blitz"]
[Site "Chess.com"]
[Date "2021.04.06"]
[Round "7"]
[White "TheMagicMaik"]
[Black "Snegokhod"]
[Result "1-0"]
[WhiteElo "2424"]
[BlackElo "2550"]
[TimeControl "180+1"]
[EndTime "11:18:21 PDT"]
[Termination "TheMagicMaik won by resignation"]

1. e4 c5 2. c3 e6 3. d4 d5 4.
exd5 exd5 5. Nf3 Nf6 6. Bg5 Be7 7. dxc5 O-O 8. Bd3 Bxc5 9. O-O Bg4 10. h3 Bh5 11. Nbd2 Nc6 12. Qa4 Bg6 13. Bxg6 hxg6 14. Rad1 Re8 15. Qh4 Re2 16. b4 Bb6 17. a4 a5 18. b5 Nb8 19. Nc4 Re4 20. Bxf6 gxf6 21.
Qxe4 dxe4 22. Rxd8+ Bxd8 23. Rd1 Be7 24. Nfd2 f5 25. Nb3 Bf6 26. Ncxa5 Bxc3 27. Rd8+ Kg7 28.
Nxb7 Rxa4 29. Rxb8 Be5 30. Re8 Bc7 31. Re7 Bb6 32.
Nd6 Rb4 33. Rxf7+ Kg8 34. Rb7 Bxf2+ 35. Kxf2 Rxb3 36. b6 e3+ 37. Ke2 f4 38. Rb8+ Kg7 39. b7 Rb2+ 40. Ke1 Rb1+ 41. Ke2 Rb2+ 42. Kf3 Rf2+ 43. Kg4 g5 44. Re8 Rxg2+ 45. Kf5 Rb2 46. b8=Q Rxb8 47. Rxb8 e2 48. Rb1 f3 49. Ne4 Kh6 50. Kg4 f2 51. Nxf2 e1=Q 52. Rxe1 1-0

[Event "*** Titled Tuesday Blitz"]
[Site "Chess.com"]
[Date "2021.04.06"]
[Round "7"]
[White "FMalexhdez"]
[Black "GMJustin"]
[Result "1-0"]
[WhiteElo "2191"]
[BlackElo "2272"]
[TimeControl "180+1"]
[EndTime "11:18:21 PDT"]
[Termination "FMalexhdez won on time"]

1. e4 c5 2. Nf3 d6 3. d4 cxd4 4. Nxd4 Nf6 5. Nc3 Nc6 6. Nb3 e6 7. g3 Be7 8. Bg2 O-O 9. O-O Rb8 10. a4 b6 11. Re1 Bb7 12. Qe2 Nb4 13. Nb5 a6 14.
N5d4 Qc7 15. c3 Nc6 16. f4 Rbc8 17. Be3 Nxd4 18. Bxd4 e5 19. Bf2 exf4 20. gxf4 Rfe8 21. Rad1 Bf8 22. Nd2 g6 23. Qe3 Ng4 24. Qxb6 Nxf2 25. Qxc7 Rxc7 26. Kxf2 Be7 27. Nf3 Rc5 28. Kg3 Rh5 29.
h4 d5 30. e5 d4 31. Rxd4 Bxf3 32. Kxf3 Rxh4 33. Red1 Bf8 34. Rd8 Rxd8 35. Rxd8 Kg7 36. Ra8 Rh2 37. Rxa6 Bc5 38. Rc6 Bg1 39. a5 1-0

[Event "*** Titled Tuesday Blitz"]
[Site "Chess.com"]
[Date "2021.04.06"]
[Round "7"]
[White "dretch"]
[Black "SilviusTiberius"]
[Result "1-0"]
[WhiteElo "2823"]
[BlackElo "2624"]
[TimeControl "180+1"]
[EndTime "11:18:23 PDT"]
[Termination "dretch won by resignation"]

1. d4 Nf6 2. c4 e6 3. Nc3 d5 4.
cxd5 exd5 5. Bg5 c6 6. e3 h6 7.
Bh4 Be7 8. Bd3 O-O 9. Nge2 Re8 10. O-O Nh5 11. Bxe7 Qxe7 12. Re1 Nd7 13. Nc1 Nhf6 14. Nb3 b6 15. f3 Bb7 16. e4 dxe4 17. fxe4 c5 18. e5 cxd4 19. exf6 Qxe1+ 20. Qxe1 Rxe1+ 21. Rxe1 dxc3 22. Re7 Bc6 23. Nd4 Nc5 24. Bc2 Bd5 25. bxc3 Bxa2 26. fxg7 Kxg7 27. Nf5+ Kf6 28. Re1 Be6 29.
Nxh6 a5 30. Rf1+ Ke7 31. Nf5+ Bxf5 32. Bxf5 Rd8 33. Rb1 Na4 34. Bc2 Nxc3 35. Rxb6 Rd2 36. Rb7+ Kd6 37. Bf5 a4 38. Rd7+ Ke5 39. Rxd2 Kxf5 40.
Rc2 Nb5 41. Rc5+ 1-0

[Event "*** Titled Tuesday Blitz"]
[Site "Chess.com"]
[Date "2021.04.06"]
[Round "7"]
[White "Fy_Rakotomaharo"]
[Black "ViditYT"]
[Result "0-1"]
[WhiteElo "2692"]
[BlackElo "2934"]
[TimeControl "180+1"]
[EndTime "11:18:23 PDT"]
[Termination "ViditYT won by resignation"]

1. d4 Nf6 2. c4 e6 3. Nc3 Bb4 4. e3 O-O 5. Bd2 d5 6. Nf3 b6 7. cxd5 exd5 8. Rc1 Be7 9. Bd3 c5 10. O-O Nc6 11. Ne5 Bb7 12. Qf3 Bd6 13. Nxc6 Bxc6 14.
Ne2 Ne4 15. Bc3 f5 16. Rfd1 Qe7 17. Nf4 Rad8 18. dxc5 bxc5 19. Bb1 Bb8 20. Ba5 Rd7 21. Bxe4 fxe4 22. Qg4 Bxf4 23. exf4 d4 24. f5 Rd5 25.
b4 Rdxf5 26. Rxc5 Rxc5 27. bxc5 e3 28. fxe3 Qxe3+ 29. Kh1 h5 30. Qg3 Rf2 31. Qxe3 dxe3 32. h4 Rxg2 33. Rd6 Bf3 34. c6 Rg6+ 35. Kh2 Rxd6 0-1